 Dungeon Crawl Stone Soup version 0.31-a0-1057-g70f3316b05 (webtiles) character file.

Game seed: 15133385434478161340

1276 Avanven the Destroyer (level 8, -4/41 HPs)
             Began as a Tengu Conjurer on Nov 20, 2023.
             Was an Initiate of Vehumet.
             Killed by divine providence
             ... invoked by an orc priest
              (13 damage)
             ... on level 5 of the Dungeon.
             The game lasted 00:14:08 (4125 turns).

Avanven the Destroyer (Tengu Conjurer)              Turns: 4125, Time: 00:14:08

Health: -4/41      AC:  4    Str:  8    XL:     8   Next: 54%
Magic:  14/16      EV: 16    Int: 21    God:    Vehumet [......]
Gold:   209        SH:  0    Dex: 12    Spells: 5/16 levels left

rFire   . . .        (no weapon)
rCold   . . .        (no shield)
rNeg    + . .        a - +0 robe
rPois   .            (helmet restricted)
rElec   .            (no cloak)
rCorr   .            i - +1 pair of gloves
SInv    .            (boots unavailable)
Will    .....        (no amulet)
Stlth   +            e - ring of positive energy
HPRegen 0.26/turn    (no ring)
MPRegen 0.15/turn

%: acrobat
@: confused, flying
A: beak, talons 3, evasive flight, acrobatic
a: Renounce Religion


You were on level 5 of the Dungeon.
You worshipped Vehumet.
Vehumet was noncommittal.
You visited 2 branches of the dungeon, and saw 6 of its levels.

You collected 209 gold pieces.

Inventory:

Armour
 a - a +0 robe (worn)
 i - a +1 pair of gloves (worn)
Jewellery
 e - a ring of positive energy (left hand)
Wands
 g - a wand of roots (4)
 j - a wand of flame (17)
Scrolls
 c - 2 scrolls of silence
 d - a scroll of teleportation
 h - a scroll of identify
Potions
 b - a potion of attraction {unknown}


   Skills:
 - Level 2.4 Dodging
 - Level 2.2 Stealth
 + Level 4.9 Spellcasting
 * Level 10.5 Conjurations
 + Level 3.4 Ice Magic
 + Level 3.8 Air Magic


You had 5 spell levels left.
You knew the following spells:

 Your Spells              Type           Power      Damage    Failure   Level
a - Magic Dart            Conj           100%       1d8       1%          1
b - Searing Ray           Conj           98%        2d8       1%          2
c - Ozocubu's Armour      Ice            19%        N/A       8%          3
d - Freezing Cloud        Conj/Ice/Air   15%        6-21      26%         5

Your spell library contained the following spells:

 Spells                   Type           Power      Damage    Failure   Level
 Dazzling Flash           Conj/Hex       54%        N/A       3%          3
 Mephitic Cloud           Conj/Pois/Air  25%        N/A       4%          3
 Poisonous Vapours        Pois/Air       26%        N/A       8%          2
 Fulminant Prism          Conj/Hex       13%        3d8       13%         4
 Iskenderun's Mystic Bla  Conj/Tloc      27%        2d7       13%         4
 Ozocubu's Refrigeration  Ice            9%         4d9       100%        7


Dungeon Overview and Level Annotations

Branches:
Dungeon (5/15)             Temple (1/1) D:4

Altars:
Ashenzari
Cheibriados
Dithmenos
Elyvilon
Fedhas
Gozag
Hepliaklqana
Kikubaaqudgha
Makhleb
Nemelex Xobeh
Okawaru
Qazlal
Ru
Sif Muna
Trog
Uskayaw
Vehumet
Wu Jian
Xom
Yredelemnul
Zin
The Shining One


Innate Abilities, Weirdness & Mutations

You have a beak for a mouth.
You have claws for feet.
Your magical flight helps you evade attacks. (EV +4)
You can magically evade attacks while moving or waiting.


Message History

Casting: Magic Dart (safe; 1% risk of failure)
Confirm with . or Enter, or press ? or * to list all spells.
Aiming: Searing Ray (safe; 1% risk of failure)
Press: ? - help, Shift-Dir - straight line, f - orc
Aim: an orc, wielding a +0 club (83% to hit)
The searing ray hits the orc!
You kill the orc!
Vehumet accepts your kill. (Press . to maintain the ray.)
The searing ray hits something!
You hear some strange, mumbled words.
You are confused.
You hear a shout!
Something completely misses you.
The orc priest calls down the wrath of Beogh upon you.
Beogh smites you!
You hear some strange, mumbled words.
You are more confused.
You bump into the rock wall.
You bump into the rock wall.
You hear some strange, mumbled words.
A puff of flame appears from out of thin air!
The puff of flame misses you.
You bump into the rock wall.
The orc priest mumbles some strange prayers to Beogh against you.
Beogh smites you!
You hear some strange, mumbled words.
A puff of flame appears from out of thin air!
The puff of flame hits you.
* * * LOW HITPOINT WARNING * * *
You bump into the rock wall.
Something hits you.
* * * LOW HITPOINT WARNING * * *
Unknown command.
You closely miss something. Your kick misses something.
Something hits you but does no damage.
You're too confused to move!
You bump into the rock wall.
The orc priest calls down the wrath of Beogh upon you.
Beogh smites you!
You die...

#####################
#>...)..............#
#.....#######...[...#
###.....### #.......#
#......)..# #.#<###.#
#.#.#..#).# #@##### #
#.#....#..# #..o..#
#....####'# #####)#
#######...# #...#
#_..### .......
##...### ###......
####.)._#b# #....###
#..#)#####Z# .....#
#.['†##b#§## #.....#


You could see an orc priest.

Vanquished Creatures
  Pikel (Temple)
  A shadow (D:5)
  Sigmund (D:4)
  A phantom (D:4)
  3 lemures (D:4)
  Blork the orc (D:4)
  3 orc priests
  Natasha (thrice) (D:2)
  2 orc wizards (D:5)
  7 adders
  2 white imps
  4 worms
  3 dart slugs
  8 orcs
  4 endoplasms
  2 giant cockroaches
  5 goblins
  5 hobgoblins
  4 jackals (D:1)
  6 kobolds
  4 quokkas
  5 ball pythons
  5 bats
  2 frilled lizards (D:1)
  3 rats
85 creatures vanquished.

Notes
Turn   | Place    | Note
-------+----------+-------------------------------------------
     0 | D:1      | Avanven the Tengu Conjurer began the quest for the Orb.
     0 | D:1      | Reached XP level 1. HP: 10/10 MP: 4/4
   144 | D:1      | Reached XP level 2. HP: 15/15 MP: 1/6
   147 | D:1      | Learned a level 2 spell: Searing Ray
   725 | D:2      | Reached skill level 6 in Conjurations
   725 | D:2      | Reached XP level 3. HP: 19/19 MP: 4/7
   939 | D:2      | Noticed Natasha
   942 | D:2      | Killed Natasha
   943 | D:2      | Reached XP level 4. HP: 24/24 MP: 4/9
  1039 | D:2      | Noticed Natasha
  1044 | D:2      | Killed Natasha
  1133 | D:2      | Noticed Natasha
  1137 | D:2      | Killed Natasha
  1138 | D:2      | Reached skill level 7 in Conjurations
  1138 | D:2      | Reached XP level 5. HP: 28/28 MP: 5/10
  1685 | D:2      | Learned a level 3 spell: Ozocubu's Armour
  2450 | D:3      | Found an ancient bone altar of Kikubaaqudgha.
  2453 | D:3      | Found a stormy altar of Qazlal.
  2454 | D:3      | Found an ornate altar of the Wu Jian Council.
  2455 | D:3      | Found a sacrificial altar of Ru.
  2693 | D:4      | Noticed Sigmund
  2699 | D:4      | Killed Sigmund
  2700 | D:4      | Reached skill level 8 in Conjurations
  2700 | D:4      | Reached skill level 1 in Ice Magic
  2700 | D:4      | Reached XP level 6. HP: 32/32 MP: 3/12
  2925 | D:4      | Noticed Blork the orc
  2938 | D:4      | Killed Blork the orc
  2939 | D:4      | Gained mutation: Your magical flight helps you evade
                  | attacks. (EV +4) [Tengu growth]
  2939 | D:4      | Reached XP level 7. HP: 36/36 MP: 10/13
  2971 | D:4      | Learned a level 5 spell: Freezing Cloud
  3007 | D:4      | Found a staircase to the Ecumenical Temple.
  3017 | Temple   | Entered the Ecumenical Temple
  3024 | Temple   | Became a worshipper of Vehumet
  3253 | D:4      | Reached skill level 1 in Air Magic
  3400 | D:4      | Noticed Pikel
  3478 | Temple   | Killed Pikel
  3479 | Temple   | Reached skill level 9 in Conjurations
  3479 | Temple   | Reached XP level 8. HP: 18/41 MP: 8/15
  3637 | D:5      | Entered Level 5 of the Dungeon
  3637 | D:5      | Found a bloodstained altar of Trog.
  3646 | D:5      | Reached skill level 10 in Conjurations
  3868 | D:5      | Found a shimmering altar of Xom.
  3869 | D:5      | Found a hazy altar of Hepliaklqana.
  3869 | D:5      | Noticed a caustic shrike
  3870 | D:5      | Noticed a spectral ugly thing
  3870 | D:5      | Noticed a caustic shrike
  3997 | D:5      | Noticed a shadow
  4013 | D:5      | Killed a shadow
  4125 | D:5      | Killed from afar by an orc priest

Illustrated notes

Levels and vault maps discovered:
D:1:      minmay_arrival_plants_in_alcoves, layout_basic, serial_park_tiny_2,
          minmay_misc_feat_columns
D:2:      layout_basic, uniq_natasha
D:3:      layout_basic, minitemple, serial_forest,
          infiniplex_forest_clump_double, infiniplex_forest_lined_4_way,
          infiniplex_forest_lined_2, infiniplex_forest_clump_long,
          infiniplex_forest_diagonal, infiniplex_forest_clump_double,
          infiniplex_forest_clump_diagonal, infiniplex_forest_split,
          infiniplex_forest_straight_1, infiniplex_forest_clump_small
D:4:      layout_gridville, minmay_temple_entry_poolview, uniq_sigmund,
          uniq_pikel, uniq_blork_the_orc
D:5:      layout_basic, regret_index_temple_of_mockery, bloody_trog,
          serial_shops, nicolae_shop_window_shopping
Temple:   nicolae_temple_no_exploring_needed

Skill      XL: |  1  2  3  4  5  6  7  8 |
---------------+-------------------------+-----
Conjurations   | 6 7 8 9 10 | 10.5
Spellcasting   | 3 4 |  4.9
Ice Magic      | 1 3 |  3.4
Air Magic      | 3 |  3.8
Dodging        | |  2.4
Stealth        | |  2.2

Action                     |  1- 3 |  4- 6 |  7- 9 || total
---------------------------+-------+-------+-------++-------
  Melee: Unarmed           |     5 |     8 |     1 ||    14
         Kick              |     1 |     4 |       ||     5
         Peck              |     1 |     5 |       ||     6
         Punch             |       |     1 |       ||     1
   Cast: Magic Dart        |    46 |    84 |    41 ||   171
         Searing Ray       |       |     7 |    13 ||    20
         Ozocubu's Armour  |       |     1 |     1 ||     2
         Freezing Cloud    |       |       |     1 ||     1
    Use: Scroll            |       |     7 |     2 ||     9
         Potion            |       |     2 |     1 ||     3
 Armour: Robe              |     3 |     5 |    17 ||    25
  Dodge: Dodged            |     5 |    13 |    23 ||    41

Table legend: (Time is in decaauts)
 A = Elapsed time spent in this place.
 B = Non-inter-level travel time spent in this place.
 C = Inter-level travel time spent in this place.
 D = Time resting spent in this place.
 E = Time spent auto-exploring this place.
 F = Levels seen in this place.
 G = Mean time per level.
                   A        B        C        D        E       F      G
               +--------+--------+--------+--------+--------+-----+--------+
         Total |   4132 |   4035 |     97 |   1113 |   2279 |   6 |  688.7 |
       Dungeon |   4001 |   3904 |     97 |   1026 |   2279 |   5 |  800.2 |
        Temple |    131 |    131 |      0 |     87 |      0 |   1 |  131.0 |
               +--------+--------+--------+--------+--------+-----+--------+

Top non-repeatable levels by time:
     D:3: 1021 daAuts
     D:2: 1010 daAuts
     D:4: 872 daAuts
     D:1: 722 daAuts
     D:5: 374 daAuts
  Temple: 131 daAuts
